 Dungeon Crawl Stone Soup version 0.21.0-25-ge575cb9ce8 (webtiles) character file.

252 MalkierKing the Shield-Bearer (level 5, -8/47 HPs)
             Began as a Minotaur Fighter on Jan 24, 2018.
             Mangled by an orc warrior
             ... wielding a +0 dire flail
              (14 damage)
             ... on level 4 of the Dungeon.
             The game lasted 00:07:55 (2078 turns).

MalkierKing the Shield-Bearer (Minotaur Fighter)    Turns: 2078, Time: 00:07:55

Health: -8/47      AC:  9    Str: 22    XL:     5   Next: 89%
Magic:  4/4        EV:  8    Int:  5    God:
Gold:   133        SH: 10    Dex:  9    Spells: 4/4 levels left

rFire    . . .     SeeInvis .   a - +0 hand axe (flame)
rCold    . . .     Gourm    .   c - +0 shield
rNeg     . . .     Faith    .   m - +0 scale mail
rPois    .         Spirit   .   (helmet restricted)
rElec    .         Reflect  .   (no cloak)
rCorr    .         Harm     .   q - +1 pair of gloves
MR       .....                  (no boots)
Stlth    ..........             j - amulet of regeneration
HPRegen  0.55/turn              (no ring)
MPRegen  0.09/turn              (no ring)

@: lethally poisoned (-8 -> -9)
A: retaliatory headbutt, horns 2
a: no special abilities


You were on level 4 of the Dungeon.
You were not hungry.

You visited 1 branch of the dungeon, and saw 4 of its levels.

You collected 133 gold pieces.

Inventory:

Hand Weapons
 a - a +0 hand axe of flaming (weapon)
 b - a +2 mace of protection
 i - a +0 war axe
Armour
 c - a +0 shield (worn)
 m - a +0 scale mail (worn)
 q - a +1 pair of gloves (worn)
Jewellery
 j - an amulet of regeneration (around neck)
 p - a +4 ring of evasion {unknown}
Scrolls
 g - 2 scrolls of amnesia {unknown}
 h - 3 scrolls of identify {unknown}
 k - 3 scrolls of random uselessness {unknown}
 l - a scroll of noise {unknown}
 n - a scroll of enchant weapon {unknown}
 o - a scroll of teleportation {unknown}
Potions
 d - a potion of might
 e - a potion of brilliance {unknown}
 s - a potion of mutation {unknown}
 t - a potion of magic {unknown}
 u - a potion of curing {unknown}
Comestibles
 f - 6 rations
 r - 7 chunks of flesh


   Skills:
 + Level 4.3 Fighting
 + Level 4.7 Axes
 + Level 4.7 Armour
 + Level 1.9 Dodging
 + Level 5.1 Shields


You had 4 spell levels left.
You didn't know any spells.

Dungeon Overview and Level Annotations

Branches:
Dungeon (4/15)
 Temple: D:4-7

Altars:
Ashenzari
Elyvilon
Kikubaaqudgha
Trog
Uskayaw
Vehumet
Yredelemnul


Innate Abilities, Weirdness & Mutations

You reflexively headbutt those who attack you in melee.
You have a pair of horns on your head.


Message History

The worker ant is almost dead.
You block the worker ant's attack. The worker ant bites you.
You hit the worker ant but do no damage.
You headbutt the worker ant.
The worker ant is almost dead.
The worker ant bites you.
You are poisoned.
The worker ant poisons you!
You hit the worker ant. You burn the worker ant.
You kill the worker ant!
You feel sick.
You hit the orc warrior but do no damage.
You headbutt the orc warrior, but do no damage.
The orc warrior hits you with a dire flail!
* * * LOW HITPOINT WARNING * * *
You barely miss the orc warrior. You headbutt the orc warrior.
The orc warrior is lightly wounded.
You feel sick.
The orc warrior hits you with a dire flail!
You die...

#.....###...#
#.#.##.#.#..#
#.#.###.##..#
#.........[.#
#...######..#
#...# #..#
#..## ####
#..##########
#.........o@#
###..##########
#......[..#
#.#..####.#
#.#).# # #..#
#..# #..# #...


You could see an orc warrior.

Vanquished Creatures
  An orc wizard (D:3)
  An iguana (D:4)
  3 worker ants (D:4)
  3 gnolls (D:2)
  An adder (D:2)
  4 worms
  2 dart slugs
  A leopard gecko (D:1)
  4 orcs
  A ball python (D:4)
  7 bats
  3 giant cockroaches
  6 goblins
  12 hobgoblins
  4 jackals (D:4)
  6 kobolds
  A quokka (D:4)
  7 frilled lizards
  A quokka skeleton (D:4)
  5 rats
73 creatures vanquished.

Notes
Turn   | Place    | Note
-------+----------+-------------------------------------------
     0 | D:1      | MalkierKing the Minotaur Fighter began the quest for the Orb.
     0 | D:1      | Reached XP level 1. HP: 19/19 MP: 0/0
   116 | D:1      | Reached XP level 2. HP: 27/27 MP: 1/1
   135 | D:1      | Reached skill level 4 in Shields
   353 | D:1      | Reached XP level 3. HP: 33/33 MP: 2/2
   705 | D:2      | Reached skill level 1 in Dodging
   813 | D:2      | Reached XP level 4. HP: 16/40 MP: 3/3
   866 | D:2      | Found a bloodstained altar of Trog.
   947 | D:2      | Found a basalt altar of Yredelemnul.
  1060 | D:2      | Found an ancient bone altar of Kikubaaqudgha.
  1066 | D:2      | Found a hide-covered altar of Uskayaw.
  1066 | D:2      | Found a white marble altar of Elyvilon.
  1070 | D:2      | Found a radiant altar of Vehumet.
  1514 | D:3      | Reached XP level 5. HP: 30/46 MP: 4/4
  1523 | D:3      | Found a shattered altar of Ashenzari.
  2041 | D:4      | Reached skill level 5 in Shields
  2053 | D:4      | Noticed an orc warrior
  2078 | D:4      | Mangled by an orc warrior

Skill      XL: |  1  2  3  4  5 |
---------------+----------------+-----
Shields        | 4 5 |  5.1
Axes           | 3 4 |  4.7
Fighting       | 4 |  4.3
Armour         | 4 |  4.7
Dodging        | 1 |  1.9

Action                   |  1- 3 |  4- 6 || total
-------------------------+-------+-------++-------
Melee: War axe           |    15 |       ||    15
       Hand axe          |    78 |   105 ||   183
       Headbutt          |     9 |    15 ||    24
  Eat: Chunk             |       |     4 ||     4
Armor: Scale mail        |    34 |    42 ||    76
Dodge: Dodged            |    40 |    33 ||    73
Block: Shield            |    61 |    59 ||   120
